Map: Frozen Temple

Players

SupremeCK

  • Race: Terran Terran
  • League: Diamond

llllllllllll - Winner!

  • Race: Protoss Protoss
  • League: Diamond

VOD

Have the link to the VOD?

Description

Time

  • Played on: Sept. 22, 2016, 1:07 p.m.
  • Length: 13:24
Show
View Real Time Build Order
Export as new Build Order

SupremeCK Terran 

Build Orders: MMM Bio 

Get SALT Encoding   

  12  0:01  SCV  
  13  0:13  SCV  
  14  0:18  Supply Depot  
  14  0:25  SCV  
  15  0:35  Refinery  
  15  0:39  SCV  
  16  0:45  Barracks  
  16  0:51  SCV  
  17  1:04  SCV  
  18  1:16  SCV  
  19  1:35  Marine  
  19  1:36  Orbital Command  
  20  1:53  Marine  
  21  2:06  Orbital Command  
  19  2:11  Marine  
  20  2:34  Marine  
  21  2:44  Barracks  
  21  2:47  SCV  
  22  2:53  Marine  
  23  3:01  Supply Depot  
  23  3:13  Barracks Tech Lab  
  23  3:15  Refinery  
  23  3:22  SCV  
  23  3:25  Supply Depot  
  24  3:32  Marine  
  27  3:34  Marauder  
  27  3:40  Refinery  
  27  3:52  Barracks Reactor  
  27  3:55  Marine  
  27  4:04  Command Center  
  26  4:13  Marine  
  27  4:18  SCV  
  28  4:29  Stimpack, Marine x2  
  28  4:30  SCV, Marine  
  32  4:39  Bunker  
  32  4:43  Engineering Bay  
  32  4:47  Marine  
  32  4:48  Marine  
  32  4:49  SCV  
  35  4:58  Supply Depot  
  35  5:03  SCV  
  36  5:11  Missile Turret  
  36  5:22  Marine x2  
  38  5:29  SCV  
  38  5:35  Orbital Command  
  39  5:41  SCV  
  40  5:47  Factory  
  40  5:53  SCV  
  40  5:56  Terran Infantry Weapons Level 1  
  41  6:00  Marine  
  41  6:01  Marine  
  43  6:05  SCV  
  44  6:15  SCV  
  45  6:20  Marine x3  
  45  6:21  SCV  
  49  6:27  SCV  
  49  6:30  Supply Depot  
  49  6:31  Starport, Factory Reactor  
  50  6:34  SCV  
  50  6:38  Marine x2  
  53  6:41  SCV  
  53  6:46  Supply Depot  
  54  6:47  Combat Shields, Marine, Supply Depot  
  54  6:50  Barracks  
  54  6:54  SCV  
  56  6:56  Marine  
  56  7:00  Marine  
  58  7:01  SCV  
  58  7:05  Marauder  
  58  7:06  SCV  
  62  7:16  Medivac x2  
  62  7:17  Factory Tech Lab  
  62  7:20  SCV  
  55  7:34  Missile Turret x2  
  41  7:41  SCV  
  41  7:42  Missile Turret  
  42  7:45  Marine  
  43  7:55  SCV  
  44  7:59  Marine  
  44  8:00  SCV  
  46  8:06  Barracks Reactor  
  46  8:07  SCV  
  46  8:12  SCV  
  48  8:19  SCV  
  44  8:40  Marine x3  
  35  8:41  Medivac x2  
  35  8:44  Marine  
  35  8:45  Marine  
  35  8:47  Terran Infantry Armor Level 1  
  36  8:48  SCV  
  36  8:56  SCV  
  36  8:58  Marine  
  36  8:59  Marine x2  
  36  9:00  SCV  
  36  9:02  Marine x2  
  42  9:08  SCV  
  44  9:12  SCV  
  44  9:15  Marine  
  46  9:17  Marine  
  46  9:18  Marine  
  46  9:20  Marine x2, SCV  
  51  9:24  SCV  
  52  9:34  Command Center  
  52  9:36  Marine x2  
  54  9:38  Medivac  
  56  9:46  Marine x2  
  57  10:01  Marine x2  
  57  10:06  Barracks, SCV  
  60  10:07  Refinery  
  60  10:08  Barracks, SCV  
  60  10:09  Supply Depot  
  60  10:14  Marine x2  
  62  10:15  Marine  
  62  10:18  SCV  
  65  10:27  SCV, Marine x2  
  68  10:31  SCV, Supply Depot  
  69  10:41  Marine x2  
  69  10:42  Marine  
  72  10:53  Marine x3  
  71  10:58  Marine  
  71  10:59  Marine  
  71  11:00  Marine  
  71  11:09  Orbital Command  
  71  11:11  Orbital Command, Marine x3  
  64  11:17  Marine  
  64  11:18  Marine x2  
  58  11:19  Medivac x2  
  60  11:29  Marine x2  
  62  11:37  Marine x2  
  62  11:39  SCV x2  
  66  11:47  Barracks Tech Lab  
  66  11:48  Orbital Command, Marine x3  
  69  11:55  SCV x2  
  71  12:01  Supply Depot  
  71  12:03  Supply Depot  
  71  12:08  Siege Tank  
  71  12:11  Barracks Tech Lab, Marauder  
  71  12:15  SCV  
  77  12:18  SCV x2  
  79  12:25  Marine x3  
  75  12:50  Marine, Marauder  
Show
View Real Time Build Order
Export as new Build Order

llllllllllll Protoss - Winner!

Build Orders:  

Get SALT Encoding   

  12  0:01  Probe (Chrono Boost)  
  13  0:11  Probe (Chrono Boost)  
  14  0:19  Pylon  
  14  0:22  Probe (Chrono Boost)  
  15  0:37  Probe (Chrono Boost)  
  15  0:41  Forge  
  16  0:53  Probe (Chrono Boost)  
  17  1:14  Pylon  
  17  1:15  Pylon  
  17  1:16  Pylon  
  17  1:17  Pylon  
  17  1:24  Probe (Chrono Boost)  
  18  1:33  Photon Cannon  
  18  1:35  Probe (Chrono Boost)  
  19  1:58  Nexus  
  19  2:15  Gateway  
  19  2:17  Probe (Chrono Boost)  
  19  2:21  Pylon  
  20  2:28  Probe (Chrono Boost)  
  21  2:30  Assimilator  
  21  2:36  Assimilator  
  21  2:45  Photon Cannon  
  21  2:58  Photon Cannon  
  21  3:01  Photon Cannon  
  21  3:04  Photon Cannon  
  21  3:11  Probe (Chrono Boost)  
  22  3:14  Probe (Chrono Boost)  
  23  3:21  Photon Cannon  
  23  3:22  Probe (Chrono Boost)  
  23  3:24  Probe (Chrono Boost)  
  25  3:32  Probe (Chrono Boost)  
  26  3:35  Probe (Chrono Boost)  
  26  3:40  Cybernetics Core  
  27  3:43  Probe (Chrono Boost)  
  27  3:45  Probe (Chrono Boost)  
  29  3:53  Probe (Chrono Boost)  
  30  3:56  Probe (Chrono Boost)  
  30  3:58  Pylon  
  31  4:04  Probe (Chrono Boost)  
  32  4:14  Probe (Chrono Boost)  
  34  4:17  Mothership Core (Chrono Boost)  
  34  4:19  Stargate  
  33  4:24  Assimilator  
  33  4:25  Probe (Chrono Boost)  
  33  4:27  Assimilator  
  34  4:33  Pylon  
  34  4:35  Probe x2 (Chrono Boost)  
  34  4:36  Photon Cannon  
  36  4:40  Stargate  
  36  4:46  Probe (Chrono Boost)  
  37  4:53  Photon Cannon  
  37  4:58  Adept, Pylon  
  39  5:01  Oracle  
  42  5:10  Probe (Chrono Boost)  
  43  5:21  Probe (Chrono Boost)  
  44  5:24  Probe (Chrono Boost)  
  45  5:29  Oracle  
  45  5:31  Probe (Chrono Boost)  
  50  5:35  Oracle  
  50  5:36  Probe (Chrono Boost)  
  50  5:41  Pylon  
  50  5:42  Probe (Chrono Boost)  
  54  5:53  Probe (Chrono Boost)  
  54  5:54  Pylon  
  55  6:03  Probe (Chrono Boost)  
  56  6:05  Oracle  
  59  6:11  Oracle  
  60  6:25  Stargate  
  60  6:26  Probe (Chrono Boost)  
  60  6:28  Pylon  
  61  6:38  Warp Gate  
  61  6:41  Gateway  
  61  6:42  Gateway  
  61  6:44  Gateway, Void Ray  
  61  6:47  Pylon  
  61  6:50  Void Ray  
  69  7:11  Void Ray  
  73  7:32  Nexus  
  73  7:33  Void Ray  
  61  7:39  Void Ray  
  61  7:41  Adept x3  
  72  7:44  Adept  
  74  7:53  Pylon  
  74  7:55  Pylon  
  74  8:06  Pylon  
  74  8:08  Adept  
  74  8:09  Adept x2  
  80  8:16  Void Ray  
  67  8:43  Void Ray  
  67  8:44  Void Ray  
  75  8:53  Void Ray  
  79  9:04  Assimilator  
  79  9:06  Assimilator  
  79  9:23  Adept x2  
  83  9:24  Adept  
  83  9:26  Void Ray  
  83  9:27  Void Ray  
  83  9:29  Adept  
  95  9:39  Void Ray  
  99  10:00  Adept  
  99  10:01  Adept x3  
  107  10:18  Twilight Council  
  107  10:21  Adept x2  
  107  10:22  Adept  
  107  10:23  Adept, Pylon  
  115  10:37  Pylon, Void Ray  
  113  11:30  Stalker x4  
  121  11:42  Nexus  
  121  11:44  Pylon  
  121  11:45  Pylon  
  121  11:46  Pylon  
  121  11:48  Pylon  
  121  11:50  Assimilator  
  121  11:52  Assimilator  
  121  11:56  Adept x2  
  125  12:12  Probe (Chrono Boost)  
  125  12:14  Probe x2 (Chrono Boost)  
  128  12:23  Probe (Chrono Boost)  
  128  12:25  Probe (Chrono Boost)  
  128  12:26  Probe (Chrono Boost)  
  131  12:35  Probe (Chrono Boost)  
  133  12:38  Probe (Chrono Boost)  
Tags
 
Add a new tag
Caveats
  • Supply blocks, unpowered buildings, or Contaminate may cause inaccurate times.
  • Supply counts are checked every 10 seconds.